 Dungeon Crawl Stone Soup version 0.28.0-45-g0d030f2227 (webtiles) character file.

Game seed: 7418973576955724427

9459 Pemander the Fighter (level 11, -5/85 HPs)
             Began as a Djinni Fire Elementalist on Apr 7, 2022.
             Was an Initiate of Makhleb.
             Slain by a torpor snail (15 damage)
             ... on level 2 of the Lair of Beasts.
             The game lasted 00:25:40 (15660 turns).

Pemander the Fighter (Djinni Fire Elementalist)    Turns: 15660, Time: 00:25:41

Health: -5/85      AC: 11    Str:  9    XL:     11   Next: 74%
Gold:   574        EV: 19    Int: 21    God:    Makhleb [......] SH:  0 Dex: 22

rFire   + + .      SeeInvis .   s - +3 dagger (venom)
rCold   . . .      Faith    .   (no shield)
rNeg    . . .      Spirit   .   j - +0 steam dragon scales
rPois   ∞          Reflect  .   l - +2 helmet
rElec   .          Harm     .   n - +1 cloak
rCorr   .          Rampage  .   q - +0 pair of gloves
Will    +....                   (boots unavailable)
Stlth   ++........              (no amulet)
HPRegen 0.24/turn               d - +6 ring of dexterity
MPRegen 0.00/turn               a - ring of protection from cold

@: flying, slowed, very slow
A: sickness immunity, fire resistance 2, cold vulnerability 1, float, innate
caster, HP casting, extra vitality 1, agile 1, strong 1
a: Renounce Religion


You were on level 2 of the Lair of Beasts.
You worshipped Makhleb.
Makhleb was noncommittal.
You visited 3 branches of the dungeon, and saw 13 of its levels.

You collected 574 gold pieces.

Inventory:

Hand Weapons
 s - a +3 dagger of venom (weapon)
Armour
 j - +0 steam dragon scales (worn)
 l - a +2 helmet (worn)
 n - a +1 cloak (worn)
 q - a +0 pair of gloves (worn)
Jewellery
 a - a ring of protection from cold (right hand)
 d - a +6 ring of dexterity (left hand)
Wands
 c - a wand of flame (10)
 r - a wand of digging (2)
Scrolls
 g - a scroll of fog {unknown}
 h - 5 scrolls of identify
 i - a scroll of fear {unknown}
 k - 7 scrolls of teleportation
 m - 2 scrolls of enchant weapon
 u - a scroll of magic mapping {unknown}
Potions
 b - a potion of curing
 e - 2 potions of brilliance {unknown}
 f - a potion of flight {unknown}
 o - a potion of lignification {unknown}
 p - a potion of resistance
 t - a potion of mutation
 v - a potion of heal wounds {unknown}


   Skills:
 - Level 10.0 Fighting
 - Level 9.0 Dodging
 - Level 1.5 Stealth
 + Level 9.9 Spellcasting


You had 3 spell levels left.
You knew the following spells:

 Your Spells              Type           Power      Damage    Failure   Level
a - Foxfire               Conj/Fire      100%       2x1d9     1%          1
b - Scorch                Fire           100%       2d10      1%          2
c - Conjure Flame         Conj/Fire      51%        6-21      1%          3
d - Inner Flame           Hex/Fire       51%        N/A       1%          3
e - Flame Wave            Conj/Fire      51%        2d10      1%          4
f - Beastly Appendage     Tmut           100%       N/A       1%          1
g - Passwall              Tmut/Erth      42%        N/A       1%          2
h - Ensorcelled Hibernat  Hex/Ice        100%       N/A       1%          2
i - Passage of Golubria   Tloc           51%        N/A       1%          4
j - Summon Ice Beast      Ice/Summ       51%        N/A       1%          4
Your spell library was empty.

Dungeon Overview and Level Annotations

Branches:
Dungeon (10/15)            Temple (1/1) D:6            Lair (2/6) D:10
  Swamp: Lair:2-4    Shoals: Lair:2-4     Snake: Lair:2-4    Spider: Lair:2-4
    Orc: D:9-12

Altars:
Ashenzari
Cheibriados
Dithmenos
Elyvilon
Fedhas
Gozag
Hepliaklqana
Makhleb
Nemelex Xobeh
Okawaru
Qazlal
Ru
Sif Muna
Vehumet
Wu Jian
Xom
Yredelemnul
Zin
The Shining One

Annotations:
D:7 2 transporters, Ekaitz's ghost, amateur DsFE; Joseph
D:9 1 transporter
D:10 Urug


Innate Abilities, Weirdness & Mutations

You are immune to sickness and miasma.
You are immune to poison.
Your flesh is very heat resistant. (rF++)
You are vulnerable to cold. (rC-)
You float through the air rather than walking.
You learn spells naturally, not from books.
Your magical power is your life essence.
You have superior vitality. (+4 MHP)
You are agile. (Dex +2)
Your muscles are strong. (Str +2)


Message History

Casting: Scorch (safe; 1% risk of failure)
Confirm with . or Enter, or press ? or * to list all spells.
The fire begins to smoulder!
The torpor snail smothers the flame.
Casting: Conjure Flame (safe; 1% risk of failure)
Confirm with . or Enter, or press ? or * to list all spells.
Flames lash the torpor snail.
The torpor snail is lightly wounded.
The torpor snail's fire resistance burns away.
The torpor snail bites you but does no damage.
You conjure some foxfire!
The torpor snail bites you!
Your foxfire dissipates!
The torpor snail is no longer more vulnerable to fire.
You are too injured to fight recklessly!
You are too injured to fight recklessly!
Casting: Foxfire (safe; 1% risk of failure)
Confirm with . or Enter, or press ? or * to list all spells.
You conjure some foxfire!
The torpor snail bites you!
Unknown command.
Casting: Foxfire (safe; 1% risk of failure)
Confirm with . or Enter, or press ? or * to list all spells.
Flames lash the torpor snail.
The torpor snail is lightly wounded.
The torpor snail's fire resistance burns away.
The foxfire hits the torpor snail but does no damage.
The torpor snail is lightly wounded.
The foxfire hits the torpor snail.
The torpor snail is burned terribly!
The torpor snail is lightly wounded.
The torpor snail completely misses you.
Casting: Scorch (safe; 1% risk of failure)
Confirm with . or Enter, or press ? or * to list all spells.
Flames lash the torpor snail.
The torpor snail is burned terribly!
The torpor snail is heavily wounded.
* * * LOW HITPOINT WARNING * * *
The torpor snail bites you!
* * * LOW HITPOINT WARNING * * *
It was a potion of mutation.
You feel extremely strange.
You feel agile.
You feel stronger. The torpor snail bites you!
You die...

##...h.###..##.#....<...
#.....## ##........#...#
##.#### ##....##...##
#.# #....##.... #.#
#.......... #.# ###
#.#.####.##
#.#####.#####...####..#
#....w...........##..P#
####P#@##.#.....D......
#########..P.##.#...
##........## #.#########
###


You could see a torpor snail (combustible).

Vanquished Creatures
  Harold (D:7)
  A hydra (Lair:2)
  A black mamba (Lair:1)
  2 cane toads (Lair:2)
  A freezing wraith (D:8)
  A komodo dragon (Lair:2)
  4 blink frogs (Lair:2)
  3 slime creatures (D:7)
  A wraith (D:8)
  3 wyverns
  3 yaks (D:10)
  Eustachio (D:6)
  2 steam dragons
  4 water moccasins
  An acid dragon (D:9)
  An orc warrior (D:6)
  4 black bears
  3 ogres (D:5)
  2 sky beasts
  6 wolves (Lair:2)
  4 centaurs
  2 phantoms
  A bullfrog (D:6)
  A scorpion (D:4)
  A water moccasin skeleton (D:5)
  An electric eel (D:7)
  4 howler monkeys
  2 jellies (D:6)
  A bullfrog zombie (D:5)
  5 centaur zombies
  2 orc priests
  A hound (D:7)
  A gnoll shaman (D:5)
  2 iguanas (D:6)
  6 orc wizards
  2 killer bee zombies
  A howler monkey zombie (D:8)
  Robin (D:4)
  3 gnolls (D:5)
  4 adders
  A white imp (D:6)
  An ufetubus (D:5)
  An adder skeleton (D:4)
  A worm (D:3)
  A dart slug (D:1)
  23 orcs
  8 endoplasms
  A giant cockroach (D:2)
  7 goblins
  7 hobgoblins
  7 jackals (D:1)
  4 quokkas
  5 ball pythons
  A bat (D:3)
  2 frilled lizards
  9 kobolds
  5 rats
174 creatures vanquished.

Vanquished Creatures (collateral kills)
  2 foxfires
2 creatures vanquished.

Vanquished Creatures (others)
  729 foxfires
  2 fungi (Lair:2)
  12 plants
743 creatures vanquished.

Grand Total: 919 creatures vanquished

Notes
Turn   | Place    | Note
-------+----------+-------------------------------------------
     0 | D:1      | Pemander the Djinni Fire Elementalist began the quest for
                  | the Orb.
     0 | D:1      | Reached XP level 1. HP: 15/15 MP: 0/0
   173 | D:1      | Found a faded altar of an unknown god.
   478 | D:1      | Reached XP level 2. HP: 8/21 MP: 0/0
   978 | D:1      | Reached XP level 3. HP: 10/25 MP: 0/0
   978 | D:1      | Learned a level 1 spell: Beastly Appendage
  3204 | D:3      | Reached XP level 4. HP: 18/31 MP: 0/0
  3399 | D:3      | Found a sacrificial altar of Ru.
  3626 | D:3      | Found a shadowy altar of Dithmenos.
  4502 | D:4      | Reached XP level 5. HP: 29/35 MP: 0/0
  4502 | D:4      | Learned a level 2 spell: Passwall
  4687 | D:4      | Reached XP level 6. HP: 38/40 MP: 0/0
  4693 | D:4      | Noticed Robin
  4701 | D:4      | Killed Robin
  5391 | D:4      | Reached skill level 5 in Spellcasting
  5631 | D:5      | Entered Level 5 of the Dungeon
  5641 | D:5      | Noticed an ogre
  5904 | D:5      | Noticed an ogre
  5908 | D:5      | Killed an ogre
  5909 | D:5      | Reached XP level 7. HP: 40/45 MP: 0/0
  5909 | D:5      | Learned a level 2 spell: Ensorcelled Hibernation
  6066 | D:5      | Noticed a steam dragon
  6072 | D:5      | Killed a steam dragon
  6125 | D:5      | Reached XP level 8. HP: 46/50 MP: 0/0
  6604 | D:5      | Found a sparkling altar of Nemelex Xobeh.
  8086 | D:6      | Reached XP level 9. HP: 12/55 MP: 0/0
  8086 | D:6      | Learned a level 4 spell: Passage of Golubria
  8591 | D:6      | Found a staircase to the Ecumenical Temple.
  8595 | D:6      | Noticed Eustachio
  8606 | D:6      | Killed Eustachio
  8653 | Temple   | Entered the Ecumenical Temple
  8764 | Temple   | Became a worshipper of Makhleb the Destroyer
  8829 | D:6      | Found a glowing silver altar of Zin.
  9083 | D:6      | Reached skill level 2 in Fighting
  9141 | D:6      | Found a stormy altar of Qazlal.
  9215 | D:6      | Found a shimmering altar of Xom.
  9589 | D:7      | Noticed Harold
  9635 | D:7      | Found a transporter.
  9640 | D:7      | Reached skill level 3 in Fighting
  9698 | D:7      | Found a transporter.
  9877 | D:7      | Reached skill level 4 in Fighting
  9939 | D:7      | Reached skill level 5 in Fighting
 10270 | D:7      | Noticed a slime creature
 10278 | D:7      | Killed a slime creature
 10279 | D:7      | Reached skill level 6 in Fighting
 10279 | D:7      | Reached XP level 10. HP: 66/73 MP: 0/0
 10288 | D:7      | Reached skill level 7 in Fighting
 10487 | D:7      | Killed Harold
 10488 | D:7      | Reached skill level 8 in Fighting
 10719 | D:7      | Noticed Ekaitz's ghost (amateur DsFE)
 10741 | D:7      | Noticed Joseph
 11581 | D:8      | Reached skill level 9 in Fighting
 12154 | D:8      | Found a basalt altar of Yredelemnul.
 12836 | D:9      | Noticed a death knight
 12838 | D:9      | Identified the +1 robe "Amigo" {Rampage Int+3}
 12838 | D:9      | Noticed a skeletal warrior
 12838 | D:9      | Noticed a skeletal warrior
 12838 | D:9      | Noticed a freezing wraith
 13268 | D:8      | Killed a freezing wraith
 13269 | D:8      | Reached skill level 10 in Fighting
 13546 | D:9      | Found a broken altar of Ashenzari.
 13956 | D:9      | Found a transporter.
 13957 | D:9      | Noticed a six-headed hydra
 13960 | D:10     | Entered Level 10 of the Dungeon
 14201 | D:10     | Reached XP level 11. HP: 52/85 MP: 0/0
 14201 | D:10     | Learned a level 4 spell: Summon Ice Beast
 14210 | D:10     | Reached skill level 5 in Dodging
 14217 | D:10     | Noticed Urug
 14515 | D:10     | Found a staircase to the Lair.
 14525 | Lair:1   | Entered Level 1 of the Lair of Beasts
 14634 | Lair:1   | Noticed a five-headed hydra
 14636 | Lair:1   | Noticed a six-headed hydra
 15464 | Lair:2   | Noticed a five-headed hydra
 15511 | Lair:2   | Killed a five-headed hydra
 15660 | Lair:2   | Gained mutation: You are agile. (Dex +2) [potion of
                  | mutation]
 15660 | Lair:2   | Gained mutation: Your muscles are strong. (Str +2) [potion
                  | of mutation]
 15660 | Lair:2   | Slain by a torpor snail

Illustrated notes

Levels and vault maps discovered:
D:1:      ebering_trefoil_twist, layout_basic,
          hellmonk_ecumenical_altar_run_dry, serial_forest,
          infiniplex_forest_clump_small, infiniplex_forest_lined_room_2,
          infiniplex_forest_clump_diagonal, infiniplex_forest_clump_diagonal,
          infiniplex_forest_clump_medium, infiniplex_forest_end_3,
          infiniplex_forest_pool, infiniplex_forest_3_way
D:2:      layout_basic, lemuel_flame_loot_1
D:3:      layout_basic, lemuel_crystal_altar, hangedman_ru_absence
D:4:      layout_loops_ring, nicolae_sif_muna_little_library, uniq_robin
D:5:      layout_layer_cave, mainiacjoe_overflow_six_doors_small
D:6:      nicolae_whirlpool, layout_basic, mainiacjoe_overflow_brackets,
          xom_teletrap_fun, old_standard_altar, minmay_temple_entry_hall,
          grunt_decor_junction, uniq_eustachio
D:7:      layout_cave_pools, gammafunk_ghost_stat_death, nicolae_water_bricks,
          serial_bayou_pond_e, uniq_harold, uniq_joseph
D:8:      layout_basic, lemuel_zombie_altar_yredelemnul,
          mainiacjoe_overflow_alcove_1
D:9:      layout_basic, kennysheep_little_box,
          gammafunk_ghost_berserking_beasts, lightli_orcish_oven
D:10:     layout_long_grid, marbit_many_paths, nicolae_overflow_hidden_temple,
          david_orc_3, hangedman_fish_farm, uniq_urug
Temple:   kb_temple_of_zot
Lair:1:   layout_regular_city, uniq_maggie
Lair:2:   nzn_winding_woodlands_medium [nzn_winding_woodlands_5x5_default,
          nzn_winding_woodlands_5x15_default,
          nzn_winding_woodlands_5x5_checkerboard,
          nzn_winding_woodlands_hourglass,
          nzn_winding_woodlands_center_pierced_h,
          nzn_winding_woodlands_5x5_closed_star,
          nzn_winding_woodlands_5x5_default, nzn_winding_woodlands_5x15_zeroes,
          nzn_winding_woodlands_5x5_open_star], layout_loops_ring, swamp_mist

Skill      XL: |  1  2  3  4  5  6  7  8  9 10 11 |
---------------+----------------------------------+-----
Spellcasting   | 3 4 5 6 8 9 |  9.9
Fighting       | 6 10 | 10.0
Dodging        | 4 9 |  9.0
Stealth        | |  1.5

Action                   |  1- 3 |  4- 6 |  7- 9 | 10-12 || total
-------------------------+-------+-------+-------+-------++-------
Melee: Unarmed           |     1 |       |       |       ||     1
 Cast: Foxfire           |    82 |    81 |   162 |   130 ||   455
       Scorch            |     1 |    15 |    32 |    69 ||   117
       Ensorcelled Hiber |       |       |     4 |    12 ||    16
       Conjure Flame     |       |       |     1 |    13 ||    14
       Flame Wave        |       |       |       |    20 ||    20
       Passage of Golubr |       |       |       |     3 ||     3
       Summon Ice Beast  |       |       |       |     3 ||     3
       Inner Flame       |       |       |       |     1 ||     1
  Use: Scroll            |       |     3 |     6 |     2 ||    11
       Potion            |       |       |       |     6 ||     6
Armor: Robe              |     3 |       |       |       ||     3
       Steam dragon scal |       |       |     8 |    35 ||    43
Dodge: Dodged            |     8 |    10 |    13 |    94 ||   125
